 Dungeon Crawl Stone Soup version 0.30-a0-800-g7c544603b3 (webtiles) character file.

Game seed: 14020775097993001599

5130 dialectric the Protected (level 10, 0/64 HPs)
             Began as a Gargoyle Fighter on Feb 22, 2023.
             Was an Elder of Okawaru.
             Slain by a wraith (6 damage)
             ... on level 10 of the Dungeon.
             The game lasted 00:12:06 (7761 turns).

dialectric the Protected (Gargoyle Fighter)         Turns: 7761, Time: 00:12:06

Health: 0/64       AC: 22    Str: 28    XL:     10   Next: 58%
Magic:  10/10      EV:  9    Int: 11    God:    Okawaru [****..]
Gold:   376        SH:  5    Dex: 11    Spells: 7/9 levels left

rFire   . . .      SeeInvis .    M - +3 battleaxe (freeze)
rCold   . . .      Faith    .    (shield currently unavailable)
rNeg    + . .      Spirit   .    u - +1 chain mail of Insurance {Int+2}
rPois   ∞          Reflect  +    (no helmet)
rElec   +          Harm     .    o - +0 cloak
rCorr   .          Rampage  .    (no gloves)
Will    +....                    d - +0 pair of boots Stlth
                                 k - amulet of reflection
HPRegen 1.10/turn                F - ring of willpower
MPRegen 0.12/turn                x - +6 ring of strength

@: attractive, flying, slowed, very slow
A: sickness immunity, AC +7, negative energy resistance 1, electricity
resistance, torment resistance 1, petrification resistance, big wings, sense
surroundings 2, regeneration 1
a: Renounce Religion, Heroism, Finesse


You were on level 10 of the Dungeon.
You worshipped Okawaru.
Okawaru was greatly pleased with you.
You visited 2 branches of the dungeon, and saw 11 of its levels.

You collected 376 gold pieces.

Inventory:

Hand Weapons
 a - a +0 flail
 K - a +0 whip of electrocution
 M - a +3 battleaxe of freezing (weapon)
Missiles
 D - 2 throwing nets (quivered)
Armour
 c - a +0 buckler
 d - a +0 pair of boots (worn)
 o - a +0 cloak (worn)
 u - the +1 chain mail of Insurance (worn) {Int+2}
   (You found it on level 3 of the Dungeon)

   Int:       It affects your intelligence (+2).
Jewellery
 k - an amulet of reflection (around neck)
 x - a +6 ring of strength (right hand)
 y - a ring of positive energy
 F - a ring of willpower (left hand)
 G - a ring of resist corrosion
 O - a ring of protection from fire
Wands
 C - a wand of charming (6)
 H - a wand of digging (8)
Scrolls
 b - 3 scrolls of teleportation
 g - a scroll of noise
 i - 9 scrolls of identify
 j - 3 scrolls of immolation
 l - 4 scrolls of fear
 p - a scroll of blinking {unknown}
 r - 3 scrolls of poison {unknown}
 t - a scroll of vulnerability
 v - a scroll of torment {unknown}
 w - a scroll of amnesia {unknown}
 A - a scroll of magic mapping {unknown}
 B - a scroll of enchant armour {unknown}
 J - a scroll of enchant weapon {unknown}
Potions
 e - 3 potions of brilliance
 f - a potion of magic
 h - a potion of lignification {unknown}
 m - a potion of haste {unknown}
 n - a potion of ambrosia
 q - a potion of mutation
 z - 2 potions of curing {unknown}
 E - a potion of cancellation {unknown}
 I - a potion of berserk rage {unknown}
 L - a potion of might
 N - a potion of flight {unknown}


   Skills:
 - Level 8.0 Fighting
 * Level 7.1(8.3) Axes
 - Level 7.0(8.7) Maces & Flails
 + Level 10.2 Armour
 - Level 1.0 Dodging
 - Level 3.5 Shields
 + Level 1.0 Evocations


You had 7 spell levels left.
You knew the following spells:

 Your Spells              Type           Power      Damage    Failure   Level
a - Poisonous Vapours     Pois/Air       0%         N/A       92%         2

Your spell library contained the following spells:

 Spells                   Type           Power      Damage    Failure   Level
 Necrotise                Necr           0%         1d4       83%         1
 Sting                    Tmut/Pois      0%         1d3       83%         1
 Inner Flame              Hex/Fire       0%         N/A       99%         3
 Kindle Blastsparks       Fire/Tloc/Air  0%         2d10      99%         3
 Vampiric Draining        Necr           0%         2d6       99%         3
 Cause Fear               Hex            0%         N/A       100%        4
 Fulminant Prism          Conj/Hex       0%         3d5       100%        4
 Iskenderun's Mystic Bla  Conj/Tloc      0%         2d3       100%        4
 Olgreb's Toxic Radiance  Pois           0%         N/A       100%        4
 Agony                    Necr           0%         N/A       100%        5
 Lee's Rapid Deconstruct  Erth           0%         3d4*      100%        5
 Discord                  Hex            0%         N/A       100%        8
 Summon Small Mammal      Summ           Unusable   N/A       N/A         1
 Call Canine Familiar     Summ           Unusable   N/A       N/A         3
 Summon Guardian Golem    Hex/Summ       Unusable   N/A       N/A         3

Dungeon Overview and Level Annotations

Branches:
Dungeon (10/15)            Temple (1/1) D:4
   Lair: D:8-11         Orc: D:9-12

Altars:
Ashenzari
Cheibriados
Dithmenos
Elyvilon
Gozag
Hepliaklqana
Kikubaaqudgha
Makhleb
Nemelex Xobeh
Okawaru
Qazlal
Sif Muna
Trog
Vehumet
Wu Jian
Xom
Yredelemnul
Zin
The Shining One


Innate Abilities, Weirdness & Mutations

You are immune to sickness and miasma.
Your stone body is resilient. (AC +7)
You are immune to poison.
You resist negative energy. (rN+)
You are resistant to electric shocks. (rElec)
You are resistant to unholy torment.
You are immune to petrification.
Your large and strong wings let you fly.
You passively map the area around you.
Your natural rate of healing is unusually fast.


Message History

The wraith is heavily damaged.
The wraith closely misses you. You block the wraith's attack.
You barely miss the wraith.
The wraith is heavily damaged.
The wraith hits you. The wraith drains your vigour!
You feel as though you will be slow longer.
The wraith hits you!
* * * LOW HITPOINT WARNING * * *
The wraith drains your vigour!
You feel as though you will be slow longer.
You slash the wraith!
The wraith is almost destroyed.
The wraith hits you but does no damage. The wraith hits you.
* * * LOW HITPOINT WARNING * * *
The wraith drains your vigour!
You feel as though you will be slow longer.
Unknown command.
You completely miss the wraith.
The wraith is almost destroyed.
The wraith hits you!
* * * LOW HITPOINT WARNING * * *
The wraith drains your vigour!
You feel as though you will be slow longer.
You block the wraith's attack.
You slash the wraith! You freeze the wraith.
You destroy the wraith!
Okawaru accepts your kill. The wraith hits you.
* * * LOW HITPOINT WARNING * * *
The wraith drains your vigour!
You feel as though you will be slow longer.
Unknown command.
The wraith attacks as you move away! The wraith hits you.
* * * LOW HITPOINT WARNING * * *
The wraith drains your vigour!
You feel as though you will be slow longer.
It was a potion of attraction.
You feel attractive to monsters. The wraith barely misses you.
The wraith hits you.
You die...

#.# #..................... #.#
#...............).....
..##########.....################
.................#
.................#
..........######†# ..........#
#W# ..........# #W# ..........#
#@# ########### ###


You could see 2 wraiths.

Vanquished Creatures
  Josephine (D:10)
  A two-headed ogre (D:8)
  Pikel (D:8)
  A hornet (D:8)
  4 wraiths (D:10)
  3 yaks (D:10)
  A steam dragon (D:6)
  A water moccasin (D:7)
  3 ice beasts
  2 sky beasts
  A black bear (D:7)
  3 centaurs
  2 kobold brigands
  4 bullfrogs
  7 wights
  A jelly (D:5)
  4 hounds
  An orc wizard (D:2)
  3 iguanas
  8 adders
  2 shadow imps (D:7)
  2 white imps
  3 ufetubi
  2 worms
  4 dart slugs
  19 orcs
  8 endoplasms
  A giant cockroach (D:2)
  8 goblins
  4 hobgoblins
  7 jackals
  17 kobolds
  2 quokkas
  5 ball pythons
  7 bats
  6 frilled lizards
  6 rats
155 creatures vanquished.

Vanquished Creatures (others)
  An ogre (D:7)
1 creature vanquished.

Grand Total: 156 creatures vanquished

Notes
Turn   | Place    | Note
-------+----------+-------------------------------------------
     0 | D:1      | dialectric the Gargoyle Fighter began the quest for the
                  | Orb.
     0 | D:1      | Reached XP level 1. HP: 14/14 MP: 1/1
   186 | D:1      | Reached XP level 2. HP: 12/19 MP: 2/2
   618 | D:1      | Reached XP level 3. HP: 19/23 MP: 3/3
   973 | D:2      | Reached skill level 1 in Dodging
  1285 | D:2      | Reached XP level 4. HP: 20/28 MP: 4/4
  1375 | D:2      | Reached skill level 4 in Armour
  2047 | D:3      | Identified the +1 chain mail of Insurance {Int+2}
  2238 | D:3      | Reached XP level 5. HP: 21/33 MP: 5/5
  3032 | D:4      | Found a staircase to the Ecumenical Temple.
  3079 | D:4      | Found a glowing golden altar of the Shining One.
  3080 | D:4      | Found a glowing silver altar of Zin.
  3080 | D:4      | Found a white marble altar of Elyvilon.
  3126 | D:4      | Found a shimmering altar of Xom.
  3818 | D:5      | Entered Level 5 of the Dungeon
  4008 | D:5      | Reached XP level 6. HP: 38/38 MP: 6/6
  4142 | D:5      | Reached skill level 5 in Maces & Flails
  4330 | D:5      | Noticed an ice beast
  4351 | D:5      | Killed an ice beast
  4352 | D:5      | Reached XP level 7. HP: 10/44 MP: 7/7
  4915 | D:5      | Gained mutation: Your large and strong wings let you fly.
                  | [potion of mutation]
  4915 | D:5      | Gained mutation: You passively map a small area around you.
                  | [potion of mutation]
  4915 | D:5      | Gained mutation: Your natural rate of healing is unusually
                  | fast. [potion of mutation]
  4915 | D:5      | Gained mutation: You passively map the area around you.
                  | [potion of mutation]
  4998 | D:6      | Noticed a steam dragon
  4999 | D:6      | Noticed a hornet
  5052 | D:7      | Reached skill level 5 in Armour
  5063 | D:7      | Reached skill level 5 in Fighting
  5193 | D:7      | Found the +5 woodcutter's axe
  5223 | D:7      | Reached XP level 8. HP: 34/49 MP: 8/8
  5241 | D:7      | Reached skill level 6 in Armour
  5681 | D:6      | Found an opulent altar of Gozag.
  5834 | D:6      | HP: 1/51 [something (4)]
  5835 | D:6      | Reached skill level 7 in Armour
  6061 | Temple   | Entered the Ecumenical Temple
  6128 | Temple   | Became a worshipper of Warmaster Okawaru
  6564 | D:8      | Noticed Pikel
  6610 | D:8      | Killed Pikel
  6610 | D:8      | Reached * piety under Okawaru
  6611 | D:8      | Reached skill level 8 in Armour
  6611 | D:8      | Reached XP level 9. HP: 54/57 MP: 9/9
  6708 | D:8      | Reached skill level 1 in Evocations
  6736 | D:8      | Reached ** piety under Okawaru
  6753 | D:8      | Reached skill level 9 in Armour
  6881 | D:8      | Reached skill level 1 in Axes
  6911 | D:8      | Noticed a two-headed ogre
  6925 | D:8      | Killed a two-headed ogre
  6925 | D:8      | Reached *** piety under Okawaru
  6979 | D:8      | Found an ancient bone altar of Kikubaaqudgha.
  7334 | D:8      | Noticed a hornet
  7339 | D:8      | Killed a hornet
  7340 | D:8      | Reached XP level 10. HP: 60/64 MP: 10/10
  7510 | D:8      | Noticed a moth of wrath
  7512 | D:8      | Found a bloodstained altar of Trog.
  7595 | D:9      | Found a shimmering blue altar of Sif Muna.
  7601 | D:9      | Noticed a two-headed ogre
  7634 | D:10     | Entered Level 10 of the Dungeon
  7691 | D:10     | Reached skill level 10 in Armour
  7700 | D:10     | Reached skill level 5 in Axes
  7711 | D:10     | Learned a level 2 spell: Poisonous Vapours
  7722 | D:10     | Noticed Josephine
  7736 | D:10     | Killed Josephine
  7736 | D:10     | Reached **** piety under Okawaru
  7760 | D:10     | HP: 3/64 [wraith (5)]
  7761 | D:10     | Slain by a wraith

Illustrated notes

Levels and vault maps discovered:
D:1:      psy_arrival_conway, layout_loops_corners, minmay_cupped
D:2:      layout_basic
D:3:      layout_loops_ring, glass_columns_a
D:4:      layout_basic, good_gods_temple_1, amcnicky_altar_gilded,
          minmay_temple_entry_sparse_star, kennysheep_nondescript,
          kennysheep_cross_bottleneck
D:5:      layout_loops_corners
D:6:      layout_basic, nicolae_overflow_hidden_temple, hangedman_decor_opposing
D:7:      layout_basic
D:8:      layout_basic, nicolae_kikubaaqudgha_miasma_corner, tgw_trog,
          uniq_pikel
D:9:      layout_roguey, nicolae_overflow_crystal_walls,
          nicolae_uskayaw_dance_studio, hiddenorc2_lemuel
D:10:     layout_irregular_city, gammafunk_ghost_berserking_beasts,
          uniq_josephine
Temple:   nicolae_temple_bog_church

Skill      XL: |  1  2  3  4  5  6  7  8  9 10 |
---------------+-------------------------------+-----
Dodging        | 1 |  1.0
Armour         | 4 5 8 9 10 | 10.2
Maces & Flails | 3 4 5 6 7 |  7.0
Fighting       | 4 5 7 8 |  8.0
Evocations     | 1 |  1.0
Axes           | 4 7 |  7.1
Shields        | |  3.5

Action                     |  1- 3 |  4- 6 |  7- 9 | 10-12 || total
---------------------------+-------+-------+-------+-------++-------
  Melee: Flail             |   131 |   207 |   200 |       ||   538
         Punch             |       |     3 |     2 |       ||     5
         Whip              |       |       |    57 |       ||    57
         Battleaxe         |       |       |    26 |    49 ||    75
  Evoke: Wand              |       |       |     2 |       ||     2
    Use: Scroll            |       |     1 |     5 |     1 ||     7
         Potion            |       |       |     4 |     2 ||     6
 Armour: Scale mail        |   105 |    29 |       |       ||   134
         Chain mail        |       |   112 |   166 |    56 ||   334
  Dodge: Dodged            |    98 |    86 |   125 |    37 ||   346
  Block: Other             |       |    30 |    61 |    25 ||   116
         Reflection        |       |       |     1 |       ||     1

Table legend: (Time is in decaauts)
 A = Elapsed time spent in this place.
 B = Non-inter-level travel time spent in this place.
 C = Inter-level travel time spent in this place.
 D = Time resting spent in this place.
 E = Time spent auto-exploring this place.
 F = Levels seen in this place.
 G = Mean time per level.
                   A        B        C        D        E       F      G
               +--------+--------+--------+--------+--------+-----+--------+
         Total |   7899 |   7400 |    499 |    226 |   5350 |  11 |  718.1 |
       Dungeon |   7814 |   7332 |    482 |    226 |   5312 |  10 |  781.4 |
        Temple |     84 |     68 |     16 |      0 |     38 |   1 |   84.0 |
               +--------+--------+--------+--------+--------+-----+--------+

Top non-repeatable levels by time:
     D:5: 1174 daAuts
     D:8: 1156 daAuts
     D:4: 1095 daAuts
     D:1: 1008 daAuts
     D:3: 995 daAuts
     D:2: 991 daAuts
     D:7: 600 daAuts
     D:6: 563 daAuts
    D:10: 158 daAuts
  Temple: 84 daAuts
     D:9: 69 daAuts
